AoeStats
← [CL] EnRolen

Arabia

507378201Analyzed
1v1 RM · 14d ago on Sep 17, 2026· 63m 7s· 2 players
Game mode
Random Map
Map size
Tiny (2 player)
Population
200
Speed
Normal
Resources
Standard
Victory
Conquest
Starting age
Dark Age
Ending age
Imperial Age
RankedLock teamsTeams togetherTeam positionsShared explorationLock speedFull tech treeHidden civsTurbo modeCheats
Victory
Defeat
🇺🇸 Magyars · United States
1250
+17
🇨🇱 Sicilians · Chile
1270
-17
BDrivenByDemons
7:01 Loom
10:32 Feudal Age
11:07 Double-Bit Axe
11:18 Horse Collar
15:37 Scale Barding Armor
16:54 Bloodlines
17:37 Wheelbarrow
22:26 Castle Age
21:15 Gold Mining
22:43 Light Cavalry
23:44 Chain Barding Armor
28:10 Fletching
30:18 Heavy Plow
32:37 Ballistics
33:01 Bodkin Arrow
34:15 Bow Saw
38:39 Imperial Age
38:24 Treadmill Crane
41:59 Plate Barding Armor
42:04 Crop Rotation
42:36 Two-Man Saw
43:45 Gold Shaft Mining
43:43 Conscription
44:19 Fervor
44:32 Stone Mining
45:05 Thumb Ring
45:21 Husbandry
44:45 Cavalier
46:23 Parthian Tactics
46:25 Town Watch
46:56 Hand Cart
49:12 Padded Archer Armor
49:35 Bracer
50:11 Heavy Cavalry Archer
51:34 Paladin
59:28 Elite Skirmisher
[CL] EnRolen
9:23 Feudal Age
8:48 Loom
10:11 Double-Bit Axe
21:57 Castle Age
20:10 Horse Collar
21:12 Forging
21:07 Scale Barding Armor
21:46 Bloodlines
22:49 Husbandry
26:36 Pikeman
27:17 Gold Mining
29:57 Iron Casting
29:42 Chain Barding Armor
29:23 Scale Mail Armor
40:35 Wheelbarrow
45:30 Imperial Age
43:41 Hand Cart
45:42 Gambesons
46:02 Squires
46:19 Chain Mail Armor
45:31 Cavalier
45:32 Halberdier
45:43 Capped Ram
48:07 Gold Shaft Mining
47:23 Town Watch
48:57 Plate Mail Armor
48:55 Bow Saw
49:46 Heavy Plow
49:50 Stone Mining
51:04 Siege Ram
52:55 Chemistry
53:16 Blast Furnace
52:37 Chain Barding Armor
53:24 Onager
61:46 Town Patrol
Connection lost

Rejoining the realm…

Still unreachable

The connection could not be restored.

Session expired

The server has moved on; the page needs a fresh start.